 Dungeon Crawl Stone Soup version 0.25-b1-38-g32f9adbbe0 (webtiles) character file.

Game seed: 17963594780435328143

51 Descartes the Grasshopper (level 3, -5/16 HPs)
             Began as a Felid Warper on June 7, 2020.
             Slain by an orc
             ... wielding a +0 hand axe
              (10 damage)
             ... on level 3 of the Dungeon.
             The game lasted 00:06:49 (2990 turns).

Descartes the Grasshopper (Felid Warper)            Turns: 2990, Time: 00:06:51

Health: -5/16      AC:  1    Str:  8    XL:     3   Next: 58%
Magic:  7/7        EV: 20    Int: 14    God:
Gold:   93         SH:  0    Dex: 21    Spells: 2/6 levels left
                                        Lives:  0   Deaths: 1

rFire    . . .     SeeInvis +     - Unarmed
rCold    . . .     Gourm    .   (shield unavailable)
rNeg     . . .     Faith    .   (armour unavailable)
rPois    .         Spirit   .   (helmet unavailable)
rElec    .         Reflect  .   (cloak unavailable)
rCorr    .         Harm     .   (gloves unavailable)
MR       +....                  (boots unavailable)
Stlth    +++.......             (no amulet)
HPRegen  0.05/turn              l - ring of protection from magic
MPRegen  0.10/turn              o - +6 ring of dexterity

@: quick
A: very small, no armour, no weapons or thrown items, stealth, claws 1, fangs 3,
see invisible, carnivore, speed 1, shaggy fur 1, slow metabolism 1, sharp paws
a: no special abilities


You were on level 3 of the Dungeon.
You were completely stuffed.

You visited 1 branch of the dungeon, and saw 3 of its levels.

You collected 93 gold pieces.

Inventory:

Missiles
 i - 41 stones
Jewellery
 l - a ring of protection from magic (left paw)
 o - a +6 ring of dexterity (right paw)
Scrolls
 b - a scroll of blinking
 d - a scroll of enchant armour {unknown}
 e - 2 scrolls of remove curse {unknown}
 f - 4 scrolls of identify {unknown}
 h - a scroll of fog {unknown}
 k - 3 scrolls of teleportation {unknown}
 n - a scroll of enchant weapon {unknown}
 q - 3 scrolls of immolation {unknown}
 r - a scroll of magic mapping {unknown}
Potions
 a - a potion of curing {unknown}
 m - a potion of cancellation {unknown}
 p - a potion of haste {unknown}
Comestibles
 c - 6 rations
 g - 2 chunks of flesh


   Skills:
 + Level 2.5 Fighting
 + Level 4.0 Dodging
 * Level 2.9 Stealth
 * Level 3.1 Unarmed Combat
 - Level 2.0 Spellcasting
 + Level 0.4 Charms
 + Level 4.5 Translocations


You had 2 spell levels left.
You knew the following spells:

 Your Spells              Type           Power        Failure   Level  Hunger
a - Blink                 Tloc           N/A          5%          2    ###....
b - Shroud of Golubria    Chrm/Tloc      #.....       13%         2    ###....

Your spell library contained the following spells:

 Spells                   Type           Power        Failure   Level  Hunger
 Gell's Gravitas          Tloc           ##........   11%         3    ####...
 Lesser Beckoning         Tloc           ##........   11%         3    ####...
 Teleport Other           Tloc           ##......     11%         3    ####...
 Passage of Golubria      Tloc           N/A          36%         4    #####..


Dungeon Overview and Level Annotations

Branches:
Dungeon (3/15)

Altars:

Annotations:
D:3 Ijyb


Innate Abilities, Weirdness & Mutations

You cannot wear armour.
You are incapable of wielding weapons or throwing items.
Your paws allow you to move quietly. (Stealth)
You have sharp claws.
You have razor-sharp teeth.
You have supernaturally acute eyesight. (SInv)
You are carnivorous and can eat meat at any time.
You cover ground quickly.
You are covered in fur. (AC +1)
You have a slow metabolism.
Your sharp claws are effective at attacking unaware monsters.


Message History

You kill the goblin!
An orc comes into view. It is wielding a +0 hand axe.
The orc shouts! x2; You hear a shout!
The orc throws a stone.
The stone completely misses you.
You hear a shout!
You see here a stone.
You closely miss the orc. You scratch the orc but do no damage.
The orc closely misses you. The orc misses you.
You scratch the orc.
The orc is moderately wounded.
An orc comes into view. It is wielding a +0 flail.
The orc completely misses you. The orc misses you.
You scratch the orc. You bite the orc, but do no damage.
The orc is heavily wounded.
The orc hits you with a +0 mace!
Ouch! That really hurt!
The orc hits you with a +0 hand axe!
Ouch! That really hurt!
You die...

### # # ..#.#
###.#####.#.#
#........ooo#
#..o@# #.####
#.# #.# #.#
#.#.# #.#
#.#.# #.#
#.#.# #.#
#.#.#


You could see 4 orcs.

Vanquished Creatures
  2 adders
  2 worms (D:3)
  3 dart slugs (D:1)
  3 leopard geckos
  A giant cockroach (D:3)
  13 goblins
  7 hobgoblins
  2 jackals (D:3)
  4 kobolds
  2 ball pythons
  7 bats
  2 frilled lizards (D:2)
  11 rats
59 creatures vanquished.

Notes
Turn   | Place    | Note
-------+----------+-------------------------------------------
     0 | D:1      | Descartes the Felid Warper began the quest for the Orb.
     0 | D:1      | Reached XP level 1. HP: 9/9 MP: 4/4
   332 | D:1      | Reached skill level 1 in Stealth
   376 | D:1      | Reached XP level 2. HP: 8/13 MP: 6/6
  1163 | D:1      | Reached XP level 3. HP: 16/16 MP: 7/7
  1850 | D:2      | Learned a level 2 spell: Blink
  1853 | D:2      | Learned a level 2 spell: Shroud of Golubria
  2298 | D:3      | Reached XP level 4. HP: 16/20 MP: 8/8
  2544 | D:3      | Noticed Ijyb
  2597 | D:3      | HP: 1/20 [Ijyb (3)]
  2598 | D:3      | Slain by Ijyb
  2599 | D:3      | Reached XP level 3. HP: -3/16 MP: 7/7
  2990 | D:3      | Slain by an orc

Illustrated notes

Levels and vault maps discovered:
D:1:      scummos_arrival_checkerplants, layout_rooms
D:2:      layout_rooms
D:3:      layout_basic, grunt_ministairs_15, nicolae_underground_beach,
          uniq_ijyb

Skill      XL: |  1  2  3  4 |
---------------+-------------+-----
Stealth        | 1 2 |  2.9
Unarmed Combat | 3 |  3.1
Dodging        | 4 |  4.0
Fighting       | |  2.5
Spellcasting   | |  2.0
Charms         | |  0.4
Translocations | |  4.5

Action                   |  1- 3 |  4- 6 || total
-------------------------+-------+-------++-------
Melee: Unarmed           |   163 |    28 ||   191
       Bite              |    17 |     3 ||    20
       Punch             |     1 |     1 ||     2
 Cast: Shroud of Golubri |     3 |     1 ||     4
  Use: Potion            |       |     1 ||     1
 Stab: Sleeping          |    10 |     2 ||    12
       Distracted        |     1 |       ||     1
  Eat: Chunk             |    16 |     1 ||    17
Armor: Skin              |     6 |     5 ||    11
Dodge: Dodged            |   132 |    35 ||   167
